 Seeded DCSS version 0.30.1-9-gdf580d7c3d (webtiles) character file.

Game seed: 9106806156630997546 (custom seed)

251 Psyclone the Conjurer (level 5, 28/28 HPs)
             Began as a Deep Elf Conjurer on Oct 9, 2023.
             Quit the game in the Ecumenical Temple.
             The game lasted 00:01:43 (568 turns).

Psyclone the Conjurer (Deep Elf Conjurer)            Turns: 568, Time: 00:01:44

Health: 28/28      AC:  2    Str:  4    XL:     5   Next: 88%
Magic:  2/11       EV: 12    Int: 25    God:
Gold:   98         SH:  0    Dex: 13    Spells: 7/10 levels left

rFire   . . .        (no weapon)
rCold   . . .        (no shield)
rNeg    . . .        a - +0 robe
rPois   .            (no helmet)
rElec   .            (no cloak)
rCorr   .            (no gloves)
SInv    .            (no boots)
Will    .....        (no amulet)
Stlth   ++           (no ring)
HPRegen 0.24/turn    (no ring)
MPRegen 0.12/turn

%: no passive effects
@: no status effects
A: no striking features
a: no special abilities


You were in the Ecumenical Temple.
You visited 2 branches of the dungeon, and saw 8 of its levels.

You collected 98 gold pieces.

Inventory:

Armour
 a - a +0 robe (worn)
Scrolls
 e - a scroll of acquirement {unknown}
Potions
 b - a potion of magic
 c - a potion of haste {unknown}
 d - a potion of degeneration {unknown}
 f - a potion of mutation {unknown}


   Skills:
 - Level 2.4 Dodging
 - Level 2.4 Stealth
 - Level 3.0 Spellcasting
 + Level 7.9 Conjurations


You had 7 spell levels left.
You knew the following spells:

 Your Spells              Type           Power      Damage    Failure   Level
a - Magic Dart            Conj           100%       1d8       1%          1
b - Searing Ray           Conj           86%        2d7       1%          2

Your spell library contained the following spells:

 Spells                   Type           Power      Damage    Failure   Level
 Dazzling Flash           Conj/Hex       46%        N/A       6%          3
 Fulminant Prism          Conj/Hex       11%        3d8       21%         4
 Iskenderun's Mystic Bla  Conj/Tloc      23%        2d6       21%         4


Dungeon Overview and Level Annotations

Branches:
Dungeon (7/15) Zot: 26894  Temple (1/1) D:5 Zot: 5989

Altars:
Dithmenos
Gozag
Hepliaklqana
Okawaru
Qazlal
Ru
Sif Muna
Trog
Uskayaw
Xom
Yredelemnul

Annotations:
D:3 Natasha


Message History

Aim: a scorpion (almost dead, 82% to hit)
The searing ray hits the scorpion.
You kill the scorpion! (Press . to maintain the ray.)
You now have 0/11 mp.
You see here a scorpion corpse.
You hear the brisk rusting of a very distant drain.
Found a staircase to the Ecumenical Temple.
Things that are here:
a +0 trident; a +0 leather armour A yak comes into view.
There is a fountain of clear blue water here.
An adder and a yak come into view.
The adder hisses angrily.
A yak comes into view.
There is a staircase to the Ecumenical Temple here.
Health restored: 28 You can't go up here!
The yak bellows!
You climb downwards.
Welcome to the Ecumenical Temple!
Found four altars.
There is a staircase back to the Dungeon here.
Found an opulent altar of Gozag.
Found a shadowy altar of Dithmenos.
You enter the shallow water.
Moving in this stuff is going to be slow.
Found an iron altar of Okawaru.
Found a hide-covered altar of Uskayaw and a sacrificial altar of Ru.
Found a hazy altar of Hepliaklqana.
There is an opulent altar of Gozag here.
You kneel at the altar of Gozag.
Gozag does not accept service from beggars like you!
The service fee for joining is currently 163 gold; you only have 98.
Unknown command.
Press < or > to pray at altars.
Unknown command.
Press < or > to pray at altars.
Unknown command.
Press < or > to pray at altars.
Are you sure you want to abandon this character and quit the game? (Confirm with "yes".)

.♣ ♣...~.♣ .~♣
♣♣..~..♣♣ .
~....♣♣......§♣..
_~................
...§.§_.........~.
♣........♣.§.._.~.
~.♣♣.....♣♣.~.....~~
≈≈~.♣...~..♣♣.@..~~~~~
♣§≈.♣...♣..~~~.§~~~~~~~
≈~~.♣.....~~..~.~.~~~~.
~~.....~..♣~._.........
≈...~....♣♣........~_..
.~...♣....~..♣♣.§.....~
..§......._..♣........~
._.......~..♣.._.......
..~~.......♣♣.....~.♣.


There were no monsters in sight!

Vanquished Creatures
  A sky beast (D:7)
  A bullfrog (D:6)
  A scorpion (D:5)
  An adder (D:5)
  2 dart slugs
  2 orcs (D:5)
  A bat (D:1)
  An endoplasm (D:4)
  A hobgoblin (D:4)
  3 jackals
  A kobold (D:4)
15 creatures vanquished.

Notes
Turn   | Place    | Note
-------+----------+-------------------------------------------
     0 | D:1      | Psyclone the Deep Elf Conjurer began the quest for the Orb.
     0 | D:1      | Reached XP level 1. HP: 10/10 MP: 6/6
    28 | D:2      | Found a stormy altar of Qazlal.
   142 | D:2      | Reached XP level 2. HP: 15/15 MP: 5/8
   205 | D:2      | Learned a level 2 spell: Searing Ray
   206 | D:3      | Noticed Natasha
   229 | D:4      | Reached skill level 5 in Conjurations
   311 | D:5      | Entered Level 5 of the Dungeon
   377 | D:6      | Noticed a bullfrog
   380 | D:6      | Killed a bullfrog
   381 | D:6      | Reached skill level 6 in Conjurations
   381 | D:6      | Reached XP level 3. HP: 12/19 MP: 4/9
   381 | D:6      | Reached XP level 4. HP: 15/24 MP: 4/10
   453 | D:7      | Noticed a sky beast
   460 | D:7      | Killed a sky beast
   461 | D:7      | Reached skill level 7 in Conjurations
   461 | D:7      | Reached XP level 5. HP: 28/28 MP: 1/11
   551 | D:5      | Found a staircase to the Ecumenical Temple.
   553 | D:5      | Noticed a yak
   556 | D:5      | Noticed a yak
   556 | D:5      | Noticed a yak
   557 | D:5      | Noticed a yak
   558 | Temple   | Entered the Ecumenical Temple
   568 | Temple   | Quit the game

Illustrated notes

Levels and vault maps discovered:
D:1:      onia_arrival_mini_spirals, layout_loops_ring, serial_shops, shop
D:2:      layout_rooms, basic_altar, reono_crystal_passage, minmay_tetromino_l2,
          uniq_robin, uniq_jessica, uniq_crazy_yiuf_cottage
D:3:      layout_loops_ring, uniq_sigmund, uniq_natasha
D:4:      layout_rooms, ebering_ghost_sewer_d, nicolae_take_the_stairs,
          grunt_ministairs_6, ebering_dispersal_statue_hall,
          minmay_ogre_servants
D:5:      nicolae_cairo_tiling_large, layout_basic, slow_altar_2,
          minmay_temple_entry_junction_2, portal_sewer_entry_b
D:6:      layout_cave_pools
D:7:      layout_basic, elyvilon_altar_3
Temple:   nicolae_temple_bog_church

Skill      XL: |  1  2  3  4 |
---------------+-------------+-----
Conjurations   | 6 7 |  7.9
Dodging        | |  2.4
Stealth        | |  2.4
Spellcasting   | |  3.0

Action                     |  1- 3 |  4- 6 || total
---------------------------+-------+-------++-------
   Cast: Magic Dart        |    13 |     5 ||    18
         Searing Ray       |     3 |     4 ||     7
  Dodge: Dodged            |    14 |     3 ||    17
